 Dungeon Crawl Stone Soup version 0.21.1-1-g345015f (webtiles) character file.

5862 Mirai the Cleaver (level 10, 0/115 HPs)
             Began as a Demonspawn Fighter on Mar 14, 2018.
             Was a Believer of Okawaru.
             Succumbed to a killer bee's poison
             ... on level 8 of the Dungeon.
             The game lasted 00:24:36 (8316 turns).

Mirai the Cleaver (Demonspawn Fighter)              Turns: 8316, Time: 00:24:36

Health: 0/115      AC: 14    Str: 32    XL:     10   Next: 52%
Magic:  1/10       EV: 15    Int: 17    God:    Okawaru [**....]
Gold:   461        SH:  4    Dex: 12    Spells: 9/9 levels left

rFire    + . .     SeeInvis .   a - +1 war axe
rCold    . . .     Gourm    .   v - +0 buckler
rNeg     . . .     Faith    .   J - +1 leather armour "Ahorhig" {Str+7 Int+7}
rPois    .         Spirit   +   C - +1 helmet "Xekoghud" {rF+}
rElec    .         Reflect  .   t - +2 cloak
rCorr    +         Harm     .   e - +0 pair of gloves
MR       .....                  K - +0 pair of boots
Stlth    ..........             (no amulet)
HPRegen  0.29/turn              m - ring of resist corrosion
MPRegen  0.24/turn              l - +3 ring of slaying

@: berserking, lethally poisoned (0 -> -2), about to teleport, very quick
A: talons 2, slimy green scales 1, demonic guardian 2, magic shield, magic
regeneration
a: Heroism, Renounce Religion


You were on level 8 of the Dungeon.
You worshipped Okawaru.
Okawaru was pleased with you.
You were not hungry.

You visited 2 branches of the dungeon, and saw 9 of its levels.
You also visited: Sewer.

You collected 461 gold pieces.

Inventory:

Hand Weapons
 a - a +1 war axe (weapon)
 g - a +1 vampiric whip
 s - a +0 war axe
 w - a +0 mace of crushing
 y - a +0 flail of draining
 H - a +1 hand axe of freezing
Missiles
 o - 11 tomahawks (quivered)
Armour
 c - a +0 shield
 e - a +0 pair of gloves (worn)
 i - a +2 plate armour
 t - a +2 cloak (worn)
 u - the +0 plate armour of Tadakhlonn {Dex+8}
   (You found it in a sewer)

   It affects your dexterity (+8).
 v - a +0 buckler (worn)
 x - a +2 robe of magic resistance
 C - the +1 helmet "Xekoghud" (worn) {rF+}
   (You found it on level 6 of the Dungeon)

   It protects you from fire.
 E - a +1 robe of cold resistance
 J - the +1 leather armour "Ahorhig" (worn) {Str+7 Int+7}
   (You found it on level 6 of the Dungeon)

   It affects your strength (+7).
   It affects your intelligence (+7).
 K - a +0 pair of boots (worn)
Jewellery
 k - an uncursed ring of ice
 l - a +3 ring of slaying (right hand)
 m - a ring of resist corrosion (left hand)
Wands
 r - a wand of paralysis (11)
 D - a wand of polymorph (8)
 G - a wand of acid (6)
Scrolls
 b - a scroll of magic mapping
 d - 4 scrolls of identify
 h - a scroll of enchant armour
 n - 4 scrolls of remove curse
 z - 5 scrolls of teleportation
Potions
 p - a potion of invisibility
 q - 4 potions of might
 A - a potion of magic
Books
 I - a book of Conjurations

   Spells                             Type                      Level
   a - Magic Dart                     Conjuration                  1
   b - Searing Ray                    Conjuration                  2
   c - Dazzling Spray                 Conjuration/Hexes            3
   d - Fulminant Prism                Conjuration/Hexes            4
   e - Force Lance                    Conjuration/Translocation    4
   f - Iskenderun's Mystic Blast      Conjuration                  4
Comestibles
 f - 16 rations
 F - 5 chunks of flesh


   Skills:
 + Level 6.9 Fighting
 + Level 10.2 Axes
 + Level 6.1 Armour
 * Level 6.8 Dodging
 - Level 2.6 Shields


You had 9 spell levels left.
You didn't know any spells.

Dungeon Overview and Level Annotations

Branches:
Dungeon (8/15)             Temple (1/1) D:7
   Lair: D:8-11

Altars:
Ashenzari
Cheibriados
Elyvilon
Fedhas
Gozag
Hepliaklqana
Kikubaaqudgha
Nemelex Xobeh
Okawaru
Qazlal
Ru
Sif Muna
Trog
Uskayaw
Vehumet
Wu Jian
Xom
Yredelemnul
Zin


Innate Abilities, Weirdness & Mutations

You have razor-sharp toenails.
You are partially covered in slimy green scales. (AC +2)
A demonic guardian rushes to your aid.
When hurt, damage is shared between your health and your magic reserves.
You regenerate magic rapidly.


Message History

You block the killer bee's attack.
The queen bee calls on the killer bee to defend it!
The killer bee goes berserk!
Your orange demon stings the killer bee!
The killer bee looks as sick as possible!
Your orange demon poisons the killer bee!
Your orange demon completely misses the killer bee.
Okay, then.
A red film seems to cover your vision as you go berserk!
You feel yourself moving faster!
You feel mighty!
The killer bee stings your orange demon!
The killer bee closely misses your orange demon.
The killer bee stings your orange demon!
The queen bee stings you!
* * * LOW HITPOINT WARNING * * *
Your orange demon closely misses the killer bee. x2
You slice the queen bee!!
The queen bee is severely wounded.
You closely miss the killer bee.
You die...

#.#... ##.#.......o.
.#..... #....#........
....... #....#.......
....... #............
........ #>...#......
........ #........(
#.......##...)))#o#
###.....).##y#
#.....((.4y@.#
#........#†........
######........##........
.#............##........
.)...######..###.#######
(..#..... ...# ..#
..########...# .## ###
#.... .


You could see a queen bee, a killer bee (berserk), an orc and a friendly orange
demon.

Vanquished Creatures
  Erica (D:8)
  The ghost of jazmu the Fighter, a novice DsSk (D:8)
  Pikel (D:5)
  A hippogriff (D:7)
  Sigmund (D:3)
  Eustachio (D:5)
  A water moccasin (D:8)
  2 orc warriors (D:6)
  A sky beast (D:7)
  A necrophage (D:6)
  3 phantoms
  3 ogres
  The ghost of letownia2 the Insei, an amateur MfTm of Cheibriados (D:4)
  3 centaurs
  3 big kobolds
  2 bullfrogs
  3 scorpions
  10 killer bees (D:8)
  A wight (D:6)
  A howler monkey (D:5)
  A bullfrog zombie (D:2)
  3 crimson imps
  5 hounds
  A centaur skeleton (D:6)
  A jelly (D:8)
  Crazy Yiuf (D:5)
  6 orc priests
  A bullfrog skeleton (D:5)
  Natasha (twice) (D:2)
  An iguana (D:6)
  7 orc wizards
  7 worker ants
  A hound skeleton (D:7)
  Robin (D:3)
  4 gnolls (D:6)
  A howler monkey skeleton (D:5)
  14 adders
  A river rat (D:5)
  2 adder skeletons (D:7)
  3 worms
  4 dart slugs
  15 leopard geckos
  21 orcs
  2 ball pythons
  11 bats
  10 giant cockroaches
  18 goblins
  10 hobgoblins
  8 jackals
  A quokka (D:3)
  10 frilled lizards
  21 kobolds
  A leopard gecko skeleton (D:5)
  A leopard gecko zombie (D:7)
  11 rats
248 creatures vanquished.

Vanquished Creatures (collateral kills)
  A phantom (D:5)
  A slave (D:5)
  A centaur (D:8)
  3 killer bees (D:8)
  A scorpion (D:8)
  2 wights (D:6)
  2 orc wizards (D:5)
  5 orcs
  2 kobolds (D:7)
18 creatures vanquished.

Vanquished Creatures (others)
  2 orc wizards
  An orc (D:5)
3 creatures vanquished.

Grand Total: 269 creatures vanquished

Notes
Turn   | Place    | Note
-------+----------+-------------------------------------------
     0 | D:1      | Mirai the Demonspawn Fighter began the quest for the Orb.
     0 | D:1      | Reached XP level 1. HP: 18/18 MP: 1/1
   135 | D:1      | Gained mutation: When hurt, damage is shared between your health and your magic reserves. [demonic ancestry]
   135 | D:1      | Reached XP level 2. HP: 3/24 MP: 2/2
   500 | D:1      | Reached skill level 2 in Axes
  1008 | D:2      | Gained mutation: You are partially covered in slimy green scales. (AC +2) [demonic ancestry]
  1008 | D:2      | Reached XP level 3. HP: 26/29 MP: 3/3
  1017 | D:2      | Reached skill level 1 in Dodging
  1593 | D:2      | Noticed Natasha
  1603 | D:2      | Killed Natasha
  1603 | D:2      | Gained mutation: You regenerate magic rapidly. [demonic ancestry]
  1603 | D:2      | Reached XP level 4. HP: 21/35 MP: 2/4
  1697 | D:2      | Found an opulent altar of Gozag.
  1749 | D:2      | Reached skill level 3 in Axes
  1812 | D:2      | Noticed Natasha
  1817 | D:2      | Killed Natasha
  1817 | D:2      | Reached XP level 5. HP: 31/42 MP: 5/5
  2325 | D:3      | Found a shimmering altar of Xom.
  2369 | D:3      | Found a faded altar of an unknown god.
  2485 | D:3      | Noticed Sigmund
  2797 | D:3      | Killed Sigmund
  2797 | D:3      | Reached skill level 4 in Axes
  2797 | D:3      | Gained mutation: You have sharp toenails. [demonic ancestry]
  2797 | D:3      | Reached XP level 6. HP: 41/48 MP: 4/6
  2801 | D:3      | Found a hazy altar of Hepliaklqana.
  2844 | D:3      | Noticed Robin
  2869 | D:3      | Killed Robin
  3439 | D:4      | Noticed letownia2's ghost (amateur MfTm)
  3444 | D:4      | Reached skill level 5 in Axes
  3444 | D:4      | Gained mutation: You have razor-sharp toenails. [demonic ancestry]
  3444 | D:4      | Reached XP level 7. HP: 39/54 MP: 5/7
  3446 | D:4      | Killed letownia2's ghost
  3463 | D:4      | Found a glowing silver altar of Zin.
  3818 | D:5      | Entered Level 5 of the Dungeon
  3849 | D:5      | Got a scorched mace
  3856 | D:5      | Found a runed door.
  3860 | D:5      | Noticed Crazy Yiuf
  3864 | D:5      | Killed Crazy Yiuf
  3962 | D:5      | Reached skill level 6 in Axes
  3974 | D:5      | Found a glowing drain.
  4008 | Sewer    | Entered a sewer
  4127 | Sewer    | Gained mutation: A weak demonic guardian rushes to your aid. [demonic ancestry]
  4127 | Sewer    | Reached XP level 8. HP: 61/61 MP: 8/8
  4269 | Sewer    | Got a slimy plate armour
  4292 | Sewer    | Identified the cursed +0 plate armour of Tadakhlonn {Dex+8} (You found it in a sewer)
  4296 | Sewer    | Identified the +7 mace of Duty {freeze, *Drain rN+ SInv} (You found it on level 5 of the Dungeon)
  4675 | D:5      | Reached skill level 5 in Fighting
  4730 | D:5      | Noticed Pikel
  4790 | D:5      | Killed Pikel
  4790 | D:5      | Reached skill level 7 in Axes
  4790 | D:5      | Reached skill level 5 in Armour
  5399 | D:6      | Got a spiked helmet
  5410 | D:6      | Identified the +1 helmet "Xekoghud" {rF+} (You found it on level 6 of the Dungeon)
  5452 | D:6      | Reached XP level 9. HP: 68/68 MP: 9/9
  5873 | D:6      | Reached skill level 8 in Axes
  6060 | D:6      | Reached skill level 5 in Dodging
  6239 | D:6      | Got a bronze leather armour
  6313 | D:5      | Noticed Eustachio
  6330 | D:5      | Killed Eustachio
  6368 | D:5      | Identified the cursed +1 leather armour "Ahorhig" {Str+7 Int+7} (You found it on level 6 of the Dungeon)
  6702 | D:7      | Found a shattered altar of Ashenzari.
  7270 | D:7      | Reached skill level 9 in Axes
  7669 | D:7      | Found a staircase to the Ecumenical Temple.
  7675 | Temple   | Entered the Ecumenical Temple
  7786 | Temple   | Became a worshipper of Warmaster Okawaru
  8072 | D:8      | Noticed Erica
  8087 | D:8      | Gained mutation: A demonic guardian rushes to your aid. [demonic ancestry]
  8087 | D:8      | Reached XP level 10. HP: 76/76 MP: 8/10
  8101 | D:8      | Killed Erica
  8101 | D:8      | Reached * piety under Okawaru
  8191 | D:8      | Noticed jazmu's ghost (novice DsSk)
  8222 | D:8      | Killed jazmu's ghost
  8222 | D:8      | Reached ** piety under Okawaru
  8222 | D:8      | Reached skill level 10 in Axes
  8315 | D:8      | HP: 1/115 [queen bee (8)]
  8316 | D:8      | Succumbed to a killer bee's poison

Skill      XL: |  1  2  3  4  5  6  7  8  9 10 |
---------------+-------------------------------+-----
Axes           | 2 3 4 5 6 7 9 10 | 10.2
Armour         | 3 4 5 6 |  6.1
Dodging        | 1 2 3 4 5 6 |  6.8
Fighting       | 4 5 6 |  6.9
Shields        | |  2.6

Action                   |  1- 3 |  4- 6 |  7- 9 | 10-12 || total
-------------------------+-------+-------+-------+-------++-------
Melee: War axe           |   118 |   167 |   318 |    69 ||   672
       Kick              |       |    10 |   108 |    16 ||   134
  Use: Potion            |     1 |     3 |     5 |     2 ||    11
       Scroll            |       |     9 |     8 |     2 ||    19
 Stab: Sleeping          |       |       |     1 |       ||     1
  Eat: Chunk             |     2 |     7 |    15 |     1 ||    25
Armor: Scale mail        |    32 |       |       |       ||    32
       Plate armour      |    85 |   138 |   228 |       ||   451
       Skin              |       |     9 |     1 |       ||    10
       Leather armour    |       |       |    41 |    41 ||    82
Dodge: Dodged            |    63 |    79 |   178 |    87 ||   407
Block: Buckler           |       |       |     4 |    22 ||    26
